TOP OF THE 1ST |
University of Conneticut Huskies batting - Pitching for Louisiana State University Tigers : RHP Ju-wei Long
|
Pitching: RHP Ju-wei Long
|
|
Batting: RHB Michael Youngberry
|
0-0: Called Strike 0-1: Ball 1-1: SINGLE (Line Drive, 4D, EV 106.3 MPH)
|
Batting: LHB Nick Rooney
|
0-0: Ball 1-0: Foul Ball, location: 2F 1-1: Ball 2-1: Foul Ball, location: 2F 2-2: Ball Michael Youngberry steals 2nd base 3-2: DOUBLE (Line Drive, 5D, EV 94.4 MPH) Michael Youngberry scores
|
Batting: RHB Kelly Hinckle
|
0-0: Called Strike 0-1: Foul Ball, location: 2F 0-2: Ball 1-2: Ball 2-2: Reached on error, E6 (Groundball, 6, EV 82.5 MPH) Nick Rooney to third
|
Batting: RHB Chris Bejarano
|
0-0: Called Strike 0-1: Fly out, F8 (Flyball, 78D, EV 98.1 MPH) Runner from 3rd tags up, SCORES, throw by CF
|
Batting: RHB Frank Pena
|
0-0: Ball 1-0: Called Strike 1-1: Foul Ball, location: 2F 1-2: Foul Ball, location: 2F 1-2: Ball 2-2: Ball 3-2: Foul Ball, location: 2F 3-2: Reached on error, E4 (Groundball, 4, EV 87.5 MPH) Kelly Hinckle to second
|
Batting: RHB Hector Tabares
|
0-0: Ball 1-0: Called Strike 1-1: Called Strike 1-2: Foul Ball, location: 2F 1-2: Strikes out swinging
|
Batting: LHB Fumito Sakurai
|
0-0: Called Strike 0-1: Ball 1-1: Ball Wild Pitch! Kelly Hinckle to third Frank Pena to second 2-1: 3-RUN HOME RUN (Line Drive, 89XD, EV 115.0 MPH), Distance : 419 ft
|
Batting: RHB Devon House
|
0-0: Ground out U3 (Groundball, 34, EV 81.9 MPH)
|
Top of the 1st over - 5 runs, 3 hits, 2 errors, 0 left on base; University of Conneticut 5 - Louisiana State University 0 |
BOTTOM OF THE 1ST |
Louisiana State University Tigers batting - Pitching for University of Conneticut Huskies : RHP Ken Hoener
|
Pitching: RHP Ken Hoener
|
|
Batting: RHB Richard Saquic
|
0-0: Ground out 5-3 (Groundball, 5, EV 105.6 MPH)
|
Batting: RHB Fate Makeever
|
0-0: Foul Ball, location: 2F 0-1: Reached on error, E5 (Groundball, 56, EV 85.0 MPH)
|
Batting: RHB Chris Trites
|
0-0: Ball 1-0: SINGLE (Groundball, 56S, EV 66.3 MPH) (infield hit) Fate Makeever to third
|
Batting: LHB Bob Govella
|
0-0: Ball 1-0: Ball Chris Trites steals 2nd, throwing error, E2 Fate Makeever scores Chris Trites to third 2-0: Ball 3-0: Called Strike 3-1: Base on Balls
|
Batting: RHB Alberto Bravo
|
0-0: Called Strike 0-1: Foul Ball, location: 2F 0-2: Ball 1-2: Fielders Choice at 2nd, 6-4 (Groundball, 6, EV 85.0 MPH) Chris Trites scores
|
Batting: SHB Kevin Greenan
|
0-0: Called Strike Alberto Bravo steals 2nd base 0-1: Foul Ball, location: 2F 0-2: Ball 1-2: Strikes out swinging
|
Bottom of the 1st over - 2 runs, 1 hit, 2 errors, 1 left on base; University of Conneticut 5 - Louisiana State University 2 |
TOP OF THE 2ND |
University of Conneticut Huskies batting - Pitching for Louisiana State University Tigers : RHP Ju-wei Long
|
Now in RF: Dennis Cox
|
|
Batting: RHB Edwin Bejarano
|
0-0: Hit by Pitch
|
Batting: RHB Michael Youngberry
|
0-0: Ball 1-0: SINGLE (Groundball, 4, EV 93.8 MPH) Edwin Bejarano to second Runner from 2nd tries for 3rd, SAFE, throw by CF made to third Michael Youngberry to second
|
Pitching: LHP Brian Rogers
|
|
Batting: LHB Nick Rooney
|
0-0: Ball 1-0: Ball 2-0: Ball 3-0: Base on Balls
|
Batting: RHB Kelly Hinckle
|
0-0: Called Strike 0-1: SINGLE (Line Drive, 6D, EV 96.3 MPH) Edwin Bejarano scores Michael Youngberry to third Nick Rooney to second
|
Batting: RHB Chris Bejarano
|
0-0: Ball 1-0: Ball 2-0: Called Strike 2-1: SINGLE (Groundball, 6D, EV 100.0 MPH) Michael Youngberry scores Nick Rooney to third Kelly Hinckle to second
|
Batting: RHB Frank Pena
|
0-0: Ball 1-0: Ball 2-0: Called Strike 2-1: Fly out, F8 (Line Drive, 8LD, EV 96.3 MPH) Runner from 3rd tags up, SCORES, throw by CF
|
Batting: RHB Hector Tabares
|
0-0: Fielders Choice at 2nd, 6-4 (Groundball, 6, EV 101.3 MPH) Kelly Hinckle to third
|
Batting: LHB Fumito Sakurai
|
0-0: Ball 1-0: Called Strike 1-1: Foul Ball, location: 2F 1-2: Ball 2-2: Ball 3-2: Fly out, F8 (Flyball, 8LD, EV 108.1 MPH)
|
Top of the 2nd over - 3 runs, 3 hits, 0 errors, 2 left on base; University of Conneticut 8 - Louisiana State University 2 |
BOTTOM OF THE 2ND |
Louisiana State University Tigers batting - Pitching for University of Conneticut Huskies : RHP Ken Hoener
|
Batting: RHB Andy Jamison
|
0-0: Swinging Strike 0-1: Called Strike 0-2: Foul Ball, location: 2F 0-2: Ball 1-2: Ball 2-2: Ground out 5-3 (Groundball, 56S, EV 89.4 MPH)
|
Batting: RHB Alberto Chavez
|
0-0: Called Strike 0-1: Called Strike 0-2: Ball 1-2: Ball 2-2: Ball 3-2: Foul Ball, location: 2F 3-2: Base on Balls
|
Batting: RHB Andy Marinez
|
0-0: Grounds into double play, 4-6-3 (Groundball, 4, EV 85.6 MPH)
|
Bottom of the 2nd over - 0 runs, 0 hits, 0 errors, 0 left on base; University of Conneticut 8 - Louisiana State University 2 |
TOP OF THE 3RD |
University of Conneticut Huskies batting - Pitching for Louisiana State University Tigers : LHP Brian Rogers
|
Batting: RHB Devon House
|
0-0: Called Strike 0-1: Ground out 3-1 (Groundball, 34, EV 80.6 MPH)
|
Batting: RHB Edwin Bejarano
|
0-0: Called Strike 0-1: Ball 1-1: DOUBLE (Flyball, 89D, EV 103.8 MPH)
|
Batting: RHB Michael Youngberry
|
0-0: Called Strike 0-1: Called Strike 0-2: Ball 1-2: Ball 2-2: Foul Ball, location: 2F 2-2: Ball 3-2: Base on Balls
|
Batting: LHB Nick Rooney
|
0-0: Ball 1-0: Called Strike 1-1: Ball 2-1: Foul Ball, location: 2F 2-2: Ball 3-2: Foul Ball, location: 2F 3-2: Foul Ball, location: 2F 3-2: 3-RUN HOME RUN (Flyball, 78XD, EV 113.8 MPH), Distance : 420 ft
|
Batting: RHB Kelly Hinckle
|
0-0: Ball 1-0: Ball 2-0: Fly out, F8 (Line Drive, 8LM, EV 100.0 MPH)
|
Batting: RHB Chris Bejarano
|
0-0: Ball 1-0: Ground out U3 (Groundball, 34, EV 82.5 MPH)
|
Top of the 3rd over - 3 runs, 2 hits, 0 errors, 0 left on base; University of Conneticut 11 - Louisiana State University 2 |
BOTTOM OF THE 3RD |
Louisiana State University Tigers batting - Pitching for University of Conneticut Huskies : RHP Ken Hoener
|
Batting: RHB Richard Saquic
|
0-0: Ball 1-0: Called Strike 1-1: Ball 2-1: Foul Ball, location: 2F 2-2: Ball 3-2: Strikes out looking
|
Batting: RHB Fate Makeever
|
0-0: Ball 1-0: Ball 2-0: SINGLE (Flyball, 56D, EV 88.1 MPH)
|
Batting: RHB Chris Trites
|
0-0: Called Strike Fate Makeever steals 2nd base (no throw) 0-1: Foul Ball, location: 2F 0-2: Ball 1-2: Foul Ball, location: 2F 1-2: Ball 2-2: Ground out 1-3 (Groundball, 13S, EV 71.3 MPH) Fate Makeever to third
|
Batting: RHB Dennis Cox
|
0-0: Ball 1-0: Ball 2-0: Ball 3-0: Base on Balls
|
Batting: RHB Alberto Bravo
|
0-0: Ball 1-0: Fielders Choice at 2nd, 5-4 (Groundball, 5, EV 88.1 MPH)
|
Bottom of the 3rd over - 0 runs, 1 hit, 0 errors, 2 left on base; University of Conneticut 11 - Louisiana State University 2 |
TOP OF THE 4TH |
University of Conneticut Huskies batting - Pitching for Louisiana State University Tigers : LHP Brian Rogers
|
Batting: RHB Frank Pena
|
0-0: Called Strike 0-1: Called Strike 0-2: Ball 1-2: Ball 2-2: SOLO HOME RUN (Flyball, 7D, EV 94.4 MPH), Distance : 372 ft
|
Batting: RHB Hector Tabares
|
0-0: Swinging Strike 0-1: Called Strike 0-2: Ball 1-2: Foul Ball, location: 2F 1-2: Foul Ball, location: 2F 1-2: Foul Ball, location: 2F 1-2: Ball 2-2: Foul Ball, location: 2F 2-2: Strikes out swinging
|
Batting: LHB Fumito Sakurai
|
0-0: Called Strike 0-1: Swinging Strike 0-2: SINGLE (Line Drive, 5D, EV 100.0 MPH)
|
Batting: RHB Devon House
|
0-0: Ball 1-0: SINGLE (Groundball, 4MD, EV 98.1 MPH) Fumito Sakurai to second
|
Batting: RHB Edwin Bejarano
|
0-0: Fly out, F8 (Line Drive, 8LD, EV 100.0 MPH)
|
Batting: RHB Michael Youngberry
|
0-0: Fly out, F9 (Line Drive, 9, EV 92.5 MPH)
|
Top of the 4th over - 1 run, 3 hits, 0 errors, 2 left on base; University of Conneticut 12 - Louisiana State University 2 |
BOTTOM OF THE 4TH |
Louisiana State University Tigers batting - Pitching for University of Conneticut Huskies : RHP Ken Hoener
|
Batting: SHB Kevin Greenan
|
0-0: Ground out U3 (Groundball, 3L, EV 91.3 MPH)
|
Batting: RHB Andy Jamison
|
0-0: Ball 1-0: SINGLE (Groundball, 6D, EV 96.3 MPH)
|
Batting: RHB Alberto Chavez
|
0-0: Ball 1-0: Ball 2-0: Called Strike Andy Jamison steals 2nd base (no throw) 2-1: Foul Ball, location: 2F 2-2: Strikes out swinging
|
Batting: RHB Andy Marinez
|
0-0: Fly out, F3 (Line Drive, 3, EV 73.1 MPH)
|
Bottom of the 4th over - 0 runs, 1 hit, 0 errors, 1 left on base; University of Conneticut 12 - Louisiana State University 2 |
TOP OF THE 5TH |
University of Conneticut Huskies batting - Pitching for Louisiana State University Tigers : LHP Brian Rogers
|
Batting: LHB Nick Rooney
|
0-0: Called Strike 0-1: Ball 1-1: Called Strike 1-2: Foul Ball, location: 2F 1-2: Ball 2-2: Strikes out swinging
|
Pitching: RHP Edwin Marquez
|
|
Batting: RHB Kelly Hinckle
|
0-0: Ball 1-0: Foul Ball, location: 2F 1-1: Foul Ball, location: 2F 1-2: Ball 2-2: SOLO HOME RUN (Line Drive, 7D, EV 99.4 MPH), Distance : 384 ft
|
Batting: RHB Chris Bejarano
|
0-0: Foul Ball, location: 2F 0-1: Foul Ball, location: 2F 0-2: Fly out, F6 (Popup, 6MS, EV 77.5 MPH)
|
Batting: RHB Frank Pena
|
0-0: Called Strike 0-1: Foul Ball, location: 2F 0-2: Ball 1-2: Ball 2-2: Strikes out looking
|
Top of the 5th over - 1 run, 1 hit, 0 errors, 0 left on base; University of Conneticut 13 - Louisiana State University 2 |
BOTTOM OF THE 5TH |
Louisiana State University Tigers batting - Pitching for University of Conneticut Huskies : RHP Ken Hoener
|
Batting: RHB Richard Saquic
|
0-0: Ball 1-0: Ball 2-0: Fly out, F6 (Popup, 6MS, EV 83.8 MPH)
|
Batting: RHB Fate Makeever
|
0-0: Called Strike 0-1: Ball 1-1: Ball 2-1: Ball 3-1: Base on Balls
|
Batting: RHB Chris Trites
|
0-0: Swinging Strike 0-1: Called Strike 0-2: Ball 1-2: Foul Ball, location: 2F 1-2: Ball 2-2: Foul Ball, location: 2F 2-2: Ball 3-2: Base on Balls Fate Makeever to second
|
Batting: RHB Dennis Cox
|
0-0: Called Strike 0-1: Fly out, F8 (Flyball, 8LM, EV 93.1 MPH)
|
Batting: RHB Alberto Bravo
|
0-0: DOUBLE (Line Drive, 78M, EV 105.0 MPH) Fate Makeever scores Chris Trites to third Runner from 3rd tries for Home, throw by CF and OUT! 8-6-2
|
Bottom of the 5th over - 1 run, 1 hit, 0 errors, 1 left on base; University of Conneticut 13 - Louisiana State University 3 |
TOP OF THE 6TH |
University of Conneticut Huskies batting - Pitching for Louisiana State University Tigers : RHP Edwin Marquez
|
Batting: RHB Hector Tabares
|
0-0: Ball 1-0: Ball 2-0: Called Strike 2-1: Ball 3-1: Called Strike 3-2: Ground out 3-1 (Groundball, 34, EV 82.5 MPH)
|
Batting: LHB Fumito Sakurai
|
0-0: Foul Ball, location: 2F 0-1: Ball 1-1: Foul Ball, location: 2F 1-2: Strikes out looking
|
Batting: RHB Devon House
|
0-0: Called Strike 0-1: Ball 1-1: Reached on error, E4 (Groundball, 4, EV 88.8 MPH)
|
Batting: RHB Edwin Bejarano
|
0-0: Called Strike 0-1: Ball 1-1: Called Strike 1-2: Strikes out looking
|
Top of the 6th over - 0 runs, 0 hits, 1 error, 1 left on base; University of Conneticut 13 - Louisiana State University 3 |
BOTTOM OF THE 6TH |
Louisiana State University Tigers batting - Pitching for University of Conneticut Huskies : RHP Ken Hoener
|
Batting: SHB Kevin Greenan
|
0-0: Ball 1-0: Foul Ball, location: 2F 1-1: Foul Ball, location: 2F 1-2: Foul Ball, location: 2F 1-2: Ground out 5-3 (Groundball, 56, EV 78.8 MPH)
|
Batting: RHB Andy Jamison
|
0-0: Ball 1-0: Ball 2-0: DOUBLE (Line Drive, 3D, EV 94.4 MPH)
|
Batting: RHB Alberto Chavez
|
0-0: Ball 1-0: Fly out, F5 (Popup, 5L, EV 75.0 MPH)
|
Batting: RHB Andy Marinez
|
0-0: Ball 1-0: Ball 2-0: Foul Ball, location: 2F 2-1: Swinging Strike 2-2: Strikes out swinging
|
Bottom of the 6th over - 0 runs, 1 hit, 0 errors, 1 left on base; University of Conneticut 13 - Louisiana State University 3 |
TOP OF THE 7TH |
University of Conneticut Huskies batting - Pitching for Louisiana State University Tigers : RHP Edwin Marquez
|
Pinch Hitting: RHB Bezzi Chinouyazue
|
0-0: Ground out U3 (Groundball, 34S, EV 85.6 MPH)
|
Pinch Hitting: RHB Paul Lenglet
|
0-0: Ball 1-0: Ball 2-0: Called Strike 2-1: Ball 3-1: SINGLE (Line Drive, 78S, EV 101.3 MPH)
|
Pinch Hitting: RHB Dusty Edmonds
|
0-0: Foul Ball, location: 2F 0-1: Ball 1-1: Foul Ball, location: 2F 1-2: Strikes out swinging
|
Pinch Hitting: RHB Troy Vickrey
|
0-0: Fly out, F1 (Line Drive, P, EV 68.8 MPH)
|
Top of the 7th over - 0 runs, 1 hit, 0 errors, 1 left on base; University of Conneticut 13 - Louisiana State University 3 |
BOTTOM OF THE 7TH |
Louisiana State University Tigers batting - Pitching for University of Conneticut Huskies : RHP Ken Hoener
|
Pitching: LHP Jesus Roseldo
|
|
Now at 1B: Hector Tabares
|
|
Now at 2B: Paul Lenglet
|
|
Now in LF: Troy Vickrey
|
|
Now in CF: Dusty Edmonds
|
|
Now in RF: Bezzi Chinouyazue
|
|
Pinch Hitting: RHB Jesus Esquivel
|
0-0: Ball 1-0: Called Strike 1-1: Ground out 6-3 (Groundball, 56, EV 80.6 MPH)
|
Batting: RHB Fate Makeever
|
0-0: Ball 1-0: Ground out 4-3 (Groundball, 4, EV 99.4 MPH)
|
Pinch Hitting: SHB John Pullen
|
0-0: Called Strike 0-1: Fly out, F4 (Popup, 34, EV 57.5 MPH)
|
Bottom of the 7th over - 0 runs, 0 hits, 0 errors, 0 left on base; University of Conneticut 13 - Louisiana State University 3 |
TOP OF THE 8TH |
University of Conneticut Huskies batting - Pitching for Louisiana State University Tigers : RHP Edwin Marquez
|
Now at 1B: Xavier Kingman
|
|
Now at 2B: Flynn Robinson
|
|
Batting: RHB Frank Pena
|
0-0: Ball 1-0: Foul Ball, location: 2F 1-1: Swinging Strike 1-2: Ground out U3 (Groundball, 3, EV 84.4 MPH)
|
Pinch Hitting: LHB Alex Ordonez
|
0-0: Ball 1-0: Ball 2-0: Foul Ball, location: 2F 2-1: Swinging Strike 2-2: Ball 3-2: Fly out, F7 (Flyball, 78S, EV 89.4 MPH)
|
Batting: LHB Fumito Sakurai
|
0-0: SINGLE (Groundball, 4MD, EV 100.0 MPH)
|
Pinch Hitting: LHB Mario Cornejo
|
0-0: Called Strike 0-1: Foul Ball, location: 2F 0-2: DOUBLE (Line Drive, 78XD, EV 111.3 MPH) Fumito Sakurai to third Runner from 3rd tries for Home, SAFE, throw by CF to home
|
Pinch Hitting: SHB Matt Boeckman
|
0-0: Ball Wild Pitch! Mario Cornejo to third 1-0: Foul Ball, location: 2F 1-1: SINGLE (Line Drive, 8RM, EV 107.5 MPH) Mario Cornejo scores
|
Pinch Hitting: LHB Matt Darrach
|
0-0: Called Strike 0-1: Foul Ball, location: 2F 0-2: SINGLE (Groundball, 5D, EV 108.1 MPH) Matt Boeckman to second
|
Pinch Hitting: RHB Marco Castillo
|
0-0: Ball 1-0: SINGLE (Groundball, 4MD, EV 82.5 MPH) (infield hit) Matt Boeckman to third Matt Darrach to second
|
Pitching: LHP Jesus Ortiz
|
|
Pinch Hitting: RHB Jorge Dominguez
|
0-0: Called Strike 0-1: Called Strike 0-2: Ball 1-2: Ball 2-2: Fielders Choice at 2nd, 6-4 (Groundball, 6, EV 82.5 MPH)
|
Top of the 8th over - 2 runs, 5 hits, 0 errors, 3 left on base; University of Conneticut 15 - Louisiana State University 3 |
BOTTOM OF THE 8TH |
Louisiana State University Tigers batting - Pitching for University of Conneticut Huskies : LHP Jesus Roseldo
|
Now at 1B: Mario Cornejo
|
|
Now at 2B: Alejandro Collazo
|
|
Now at 3B: Bryan Brock
|
|
Now at SS: Jorge Dominguez
|
|
Now in CF: Marco Castillo
|
|
Now in RF: Alex Ordonez
|
|
Batting: RHB Dennis Cox
|
0-0: Ball 1-0: Ball 2-0: Ball 3-0: Base on Balls
|
Pinch Hitting: RHB Francisco Ruiz
|
0-0: Ball 1-0: SINGLE (Groundball, 4M, EV 85.6 MPH) (infield hit) Dennis Cox to second
|
Pinch Hitting: SHB Mario Mercado
|
0-0: Ball 1-0: Called Strike 1-1: Ground out 5-3 (Groundball, 5S, EV 66.9 MPH) Dennis Cox to third Francisco Ruiz to second
|
Pinch Hitting: RHB Warren Carmichael
|
0-0: Called Strike 0-1: DOUBLE (Flyball, 89D, EV 91.9 MPH) Dennis Cox scores Francisco Ruiz scores
|
Pinch Hitting: RHB Eddie Ramirez
|
0-0: Swinging Strike 0-1: Ball 1-1: Called Strike 1-2: Strikes out swinging
|
Batting: RHB Andy Marinez
|
0-0: Ball 1-0: Called Strike 1-1: Ball 2-1: Swinging Strike 2-2: Foul Ball, location: 2F 2-2: Strikes out swinging
|
Bottom of the 8th over - 2 runs, 2 hits, 0 errors, 1 left on base; University of Conneticut 15 - Louisiana State University 5 |
TOP OF THE 9TH |
University of Conneticut Huskies batting - Pitching for Louisiana State University Tigers : LHP Jesus Ortiz
|
Now at 3B: Fernando Membreno
|
|
Now at SS: Mario Mercado
|
|
Now in LF: Francisco Ruiz
|
|
Now in CF: Eddie Ramirez
|
|
Pinch Hitting: LHB Jeremy Lynch
|
0-0: Ball 1-0: Foul Ball, location: 2F 1-1: Foul Ball, location: 2F 1-2: Foul Ball, location: 2F 1-2: Ball 2-2: Fly out, F8 (Flyball, 78D, EV 100.0 MPH)
|
Batting: RHB Frank Pena
|
0-0: Ball 1-0: Ground out 5-3 (Groundball, 56S, EV 68.8 MPH)
|
Pinch Hitting: RHB Nick Castillo
|
0-0: Ball 1-0: Ball 2-0: Called Strike 2-1: Called Strike 2-2: Strikes out swinging
|
Top of the 9th over - 0 runs, 0 hits, 0 errors, 0 left on base; University of Conneticut 15 - Louisiana State University 5 |
BOTTOM OF THE 9TH |
Louisiana State University Tigers batting - Pitching for University of Conneticut Huskies : LHP Jesus Roseldo
|
Now in LF: Jeremy Lynch
|
|
Now in RF: Pat Leahey
|
|
Pinch Hitting: RHB Mike Larson
|
0-0: Swinging Strike 0-1: Ball 1-1: Called Strike 1-2: Ball 2-2: Ground out 6-3 (Groundball, 6, EV 86.9 MPH)
|
Batting: RHB Fate Makeever
|
0-0: Called Strike 0-1: Called Strike 0-2: Ball 1-2: SOLO HOME RUN (Flyball, 9LD, EV 93.1 MPH), Distance : 343 ft
|
Pinch Hitting: RHB David Lobacz
|
0-0: Ball 1-0: Foul Ball, location: 2F 1-1: Ball 2-1: Foul Ball, location: 2F 2-2: Strikes out swinging, 2-3 out at first.
|
Pinch Hitting: RHB Brad Adams Jr.
|
0-0: Foul Ball, location: 2F 0-1: Called Strike 0-2: Strikes out looking
|
Bottom of the 9th over - 1 run, 1 hit, 0 errors, 0 left on base; University of Conneticut 15 - Louisiana State University 6 |
|